 Dungeon Crawl Stone Soup version 0.28.0 (console) character file.

Game seed: 6809176929457272933

156 CannotBeFrozen the Chopper (level 5, -1/48 HPs)
             Began as a Hill Orc Monk on Feb 11, 2022.
             Slain by an iguana (8 damage)
             ... on level 4 of the Dungeon.
             The game lasted 00:14:53 (4192 turns).

CannotBeFrozen the Chopper (Hill Orc Monk)          Turns: 4192, Time: 00:14:54

Health: -1/48      AC:  6    Str: 16    XL:     5   Next: 37%
Magic:  0/5        EV: 11    Int: 10    God:
Gold:   116        SH:  0    Dex: 13    Spells: 4/4 levels left

rFire   . . .      SeeInvis +   a - +0 hand axe
rCold   . . .      Faith    .   (no shield)
rNeg    . . .      Spirit   +   n - +0 ring mail
rPois   .          Reflect  .   (no helmet)
rElec   .          Harm     .   (no cloak)
rCorr   .          Rampage  .   (no gloves)
Will    .....                   j - +0 pair of boots
Stlth   +.........              b - amulet of guardian spirit
HPRegen 0.16/turn               g - ring of see invisible
MPRegen 0.09/turn               (no ring)

@: no status effects
A: no striking features
a: no special abilities


You were on level 4 of the Dungeon.
You visited 1 branch of the dungeon, and saw 4 of its levels.

You collected 116 gold pieces.

Inventory:

Hand Weapons
 a - a +0 hand axe (weapon)
 c - a +0 whip
 k - a +1 vorpal trident
Missiles
 f - 62 stones
 i - 11 poisoned darts (quivered)
Armour
 j - a +0 pair of boots (worn)
 n - a +0 ring mail (worn)
Jewellery
 b - an amulet of guardian spirit (around neck)
 g - a ring of see invisible (left hand)
Potions
 d - a potion of haste {unknown}
 e - 3 potions of brilliance
 h - a potion of attraction {unknown}
 l - a potion of flight {unknown}
 o - a potion of degeneration {unknown}
 p - 2 potions of might {unknown}
 q - a potion of curing {unknown}


   Skills:
 + Level 5.4 Fighting
 + Level 5.9 Axes
 + Level 1.6 Armour
 - Level 2.4 Dodging
 - Level 1.5 Stealth


You had 4 spell levels left.
You didn't know any spells.
Your spell library contained the following spells:

 Spells                   Type           Power      Damage    Failure   Level
 Animate Dead             Necr           0%         N/A       100%        4
 Borgnjor's Vile Clutch   Necr/Erth      0%         N/A       100%        5
 Death Channel            Necr           0%         N/A       100%        6


Dungeon Overview and Level Annotations

Branches:
Dungeon (4/15)
 Temple: D:4-7

Altars:

Annotations:
D:2 1 exclusion, Sigmund


Message History

The iguana is moderately wounded.
The iguana barely misses you.
You hit the iguana.
The iguana is moderately wounded.
The iguana bites you.
HP: 37/48 (-5) =========--- !
You hit the iguana.
The iguana is moderately wounded.
The iguana bites you.
HP: 35/48 (-2) ========---- You hit the iguana.
The iguana is heavily wounded.
The iguana barely misses you.
You hit the iguana.
The iguana is severely wounded.
The iguana bites you!
* * * LOW HITPOINT WARNING * * *
HP: 24/48 (-11) MP: 3/5 (-1) ======------ !!
You are too injured to fight recklessly!
You hit the iguana.
The iguana is almost dead.
The iguana closely misses you.
You hit the iguana but do no damage.
The iguana is almost dead.
The iguana bites you!
* * * LOW HITPOINT WARNING * * *
HP: 17/48 (-7) MP: 2/5 (-1) ====-------- !
You barely miss the iguana.
The iguana is almost dead.
The iguana barely misses you.
You barely miss the iguana.
The iguana is almost dead.
The iguana bites you!
* * * LOW MAGIC WARNING * * *;
* * * LOW HITPOINT WARNING * * *
HP: 7/48 (-10) MP: 1/5 (-1) =----------- !!
You hit the iguana but do no damage. You punch the iguana.
The iguana is almost dead.
The iguana bites you!
* * * LOW MAGIC WARNING * * *
You die...

##..#(. #..(.
##..# #..g#
##..## #...#
#.g.# #.l##
#..@#####
#.......#####
######....<.#
#####.......#
######... #


You could see an iguana and a goblin.

Vanquished Creatures
  A hound (D:3)
  4 gnolls (D:3)
  An adder (D:3)
  3 worms
  2 dart slugs
  2 orcs (D:3)
  6 endoplasms
  2 giant cockroaches
  3 goblins
  6 hobgoblins
  5 quokkas
  5 ball pythons
  7 bats
  4 frilled lizards
  8 kobolds
  5 rats
64 creatures vanquished.

Vanquished Creatures (others)
  12 plants (D:3)
12 creatures vanquished.

Grand Total: 76 creatures vanquished

Notes
Turn   | Place    | Note
-------+----------+-------------------------------------------
     0 | D:1      | CannotBeFrozen the Hill Orc Monk began the quest for the
                  | Orb.
     0 | D:1      | Reached XP level 1. HP: 19/19 MP: 1/1
   436 | D:1      | Reached XP level 2. HP: 13/27 MP: 2/2
  1309 | D:1      | Found a faded altar of an unknown god.
  1432 | D:1      | Reached XP level 3. HP: 30/34 MP: 3/3
  1761 | D:2      | Noticed Sigmund
  1986 | D:2      | Reached skill level 5 in Axes
  2945 | D:3      | Reached XP level 4. HP: 41/41 MP: 4/4
  3157 | D:3      | Reached skill level 5 in Fighting
  3157 | D:3      | Reached skill level 1 in Armour
  3509 | D:3      | Reached XP level 5. HP: 48/48 MP: 5/5
  3622 | D:3      | HP: 1/48 [gnoll (9)]
  4192 | D:4      | Slain by an iguana

Illustrated notes

Levels and vault maps discovered:
D:1:      dpeg_arrival_rhombus, layout_basic,
          shapermc_ecumenical_altar_mp_highgroup,
          chequers_serial_rivers_micro_d, feat_on_display
D:2:      layout_basic, uniq_sigmund
D:3:      layout_basic, nicolae_grassy_gnolls
D:4:      layout_cave_pods, overflow_temple_1_default

Skill      XL: |  1  2  3  4 |
---------------+-------------+-----
Fighting       | 4 5 |  5.4
Axes           | 5 |  5.9
Armour         | 1 |  1.6
Dodging        | |  2.4
Stealth        | |  1.5

Action                   |  1- 3 |  4- 6 || total
-------------------------+-------+-------++-------
Melee: Hand axe          |   166 |    66 ||   232
       Punch             |       |     3 ||     3
Throw: Stone             |    17 |    21 ||    38
       Dart              |     4 |    20 ||    24
  Use: Scroll            |       |     3 ||     3
 Stab: Sleeping          |     2 |       ||     2
Armor: Robe              |    21 |       ||    21
       Ring mail         |    20 |    21 ||    41
Dodge: Dodged            |   117 |    55 ||   172
